 Dungeon Crawl Stone Soup version 0.24.0-1-gfbc8707122 (webtiles) character file.

Game seed: 6710757579721712904, levelgen mode: deterministic

43777 MirrMurr the Basher (level 13, -5/106 HPs)
             Began as a Demonspawn Berserker on Oct 25, 2019.
             Was a High Priest of Trog.
             Killed from afar by Azrael (29 damage)
             ... with damnation
             ... on level 15 of the Dungeon on Oct 26, 2019.
             The game lasted 00:57:15 (21786 turns).

MirrMurr the Basher (Demonspawn Berserker)         Turns: 21786, Time: 00:57:17

Health: -5/106     AC: 27    Str: 26    XL:     13   Next: 92%
Magic:  13/13      EV: 15    Int: 10    God:    Trog [*****.]
Gold:   981        SH:  0    Dex: 15    Spells: 12/12 levels left

rFire    + + .     SeeInvis .   a - +1 morningstar (crush)
rCold    . . .     Gourm    .   (no shield)
rNeg     . . .     Faith    .   T - +1 plate armour {rPois}
rPois    +         Spirit   .   (helmet restricted)
rElec    .         Reflect  .   v - +0 cloak of Qikaupekk {rF+}
rCorr    .         Harm     .   Q - +0 pair of gloves
MR       .....                  (no boots)
Stlth    ..........             d - amulet of regeneration
HPRegen  0.67/turn              K - +2 ring of dexterity
MPRegen  0.13/turn              g - +2 ring of evasion

@: mighty, sanguine armour, berserk cooldown, very slightly contaminated,
slowed, very slow
A: horns 1, fire resistance 1, powered by pain 2, augmentation 1, sanguine
armour 2
a: Berserk, Trog's Hand, Brothers in Arms, Renounce Religion


You were on level 15 of the Dungeon.
You worshipped Trog.
Trog was extremely pleased with you.
You were hungry.

You visited 6 branches of the dungeon, and saw 24 of its levels.
You also visited: Sewer and Gauntlet.

You collected 1041 gold pieces.
You spent 60 gold pieces at shops.

Inventory:

Hand Weapons
 a - a +1 morningstar of crushing (weapon)
 b - a +0 hunting sling
 P - a +1 vampiric demon blade
Missiles
 e - 531 stones (quivered)
 o - 62 poisoned darts
 p - 11 curare-tipped darts
 q - 204 sling bullets
 E - a throwing net
Armour
 s - the +1 chain mail "Zolyti Citoph" {rElec Regen+ Dex+4}
   (You found it on level 5 of the Dungeon)

   It affects your dexterity (+4).
   It insulates you from electricity.
   It increases your rate of regeneration.
 v - the +0 cloak of Qikaupekk (worn) {rF+}
   (You found it on level 3 of the Lair of Beasts)

   It protects you from fire.
 Q - a +0 pair of gloves (worn)
 T - a +1 plate armour of poison resistance (worn)
Jewellery
 d - an amulet of regeneration (around neck)
 g - a +2 ring of evasion (right hand)
 n - an uncursed ring of ice
 D - an uncursed ring of see invisible
 K - a +2 ring of dexterity (left hand)
 N - an uncursed ring of protection from cold
 R - an uncursed ring of positive energy
Wands
 w - a wand of clouds (3)
 z - a wand of iceblast (6)
 H - a wand of disintegration (22)
 I - a wand of enslavement (12)
 J - a wand of flame (25)
 L - a wand of paralysis (19)
 S - a wand of digging (10)
Scrolls
 i - 17 scrolls of identify
 m - a scroll of fear
 r - 14 scrolls of remove curse
 u - 3 scrolls of blinking
 x - 5 scrolls of teleportation
 y - 4 scrolls of magic mapping
 C - a scroll of fog
 U - a scroll of immolation
 X - a scroll of enchant armour
 Y - 2 scrolls of enchant weapon
Potions
 f - 6 potions of curing
 h - 5 potions of might
 j - a potion of ambrosia
 k - a potion of invisibility
 l - a potion of cancellation
 t - 5 potions of agility
 A - 5 potions of flight
 B - 3 potions of resistance
 F - 2 potions of lignification
 G - 6 potions of mutation
 M - 3 potions of heal wounds
 O - 2 potions of haste
Miscellaneous
 V - a phial of floods
 W - a lamp of fire
Comestibles
 c - 45 rations
 Z - a chunk of flesh


   Skills:
 + Level 11.4 Fighting
 - Level 14.0 Maces & Flails
 + Level 10.3 Armour
 + Level 10.4 Dodging


You had 12 spell levels left.
You didn't know any spells.
Your spell library was empty.

Dungeon Overview and Level Annotations

Branches:
Dungeon (13/15)            Temple (1/1) D:7            Lair (6/6) D:9
  Swamp (1/4) Lair:3       Spider (1/4) Lair:3        Slime (1/5) Lair:6
    Orc (0/2) D:9          Vaults (0/5) D:13          Sewer (visited)
Gauntlet (visited)

Altars:
Ashenzari
Hepliaklqana
Makhleb
Okawaru
Ru
Wu Jian
Zin
Jiyva

Shops:
D:6 }   D:8 %   D:9 :(*

Annotations:
D:10 1 runed translucent door, Yzxunnie's ghost, journeyman OgBe
D:12 1 runed translucent door, squishfish's ghost, journeyman TrMo
D:15 Azrael; Rupert


Innate Abilities, Weirdness & Mutations

You have a pair of small horns on your head.
Your flesh is heat resistant. (rF+)
You sometimes gain power by taking damage.
Your magical and physical power is slightly enhanced at high health.
When seriously injured, your bleeding wounds create thick armour. (AC +9)


Message History

You feel very mighty all of a sudden.
The fireball engulfs Azrael.
Azrael completely resists.
You hear a horrible gurgling sound!
You hear a deafening roar!
You feel much better. Azrael gestures at you.
The fireball explodes!
The fireball engulfs you. You resist.
* * * LOW HITPOINT WARNING * * *
The fireball engulfs Azrael.
Azrael completely resists.
A purple ugly thing comes into view.
The fire elemental hits you. The fire elemental burns you! You resist.
* * * LOW HITPOINT WARNING * * *
Blink to where?
Press: ? - help, Dir - move target cursor You are very lightly contaminated with residual magic.
As you read the scroll of blinking, it crumbles to dust.
Rupert the Wild comes into view.
He is wielding a +2 executioner's axe of flaming and wearing a +2 ring mail of cold resistance.
Rupert shouts!
Azrael gestures at you.
The sphere of damnation explodes!
The damnation engulfs you!!
You die...

.. .... #........
#######..#..... ##.....
..#..@. .......##....#
... ○...........##
#.....
.............####......
..(.. #.@...##.........
......##..÷.#..........
.......................
#.###..#...............
####†......u...u..u
######..†..#...R○°°○...
#...###.†######E○......
#..........# #####..%.
#..........## ...


You could see Rupert, Azrael, a purple ugly thing and a fire elemental.

Vanquished Creatures
  Kirke (Lair:4)
  Nessos (Lair:4)
  4 dire elephants (Lair:6)
  Snorg (Lair:5)
  An anaconda (Lair:6)
  2 hydras (Lair:6)
  4 death yaks
  Sonja (Lair:4)
  3 ugly things
  A moth of wrath (shapeshifter) (D:13)
  A torpor snail (Lair:1)
  4 elephants (Lair:6)
  3 black mambas
  A gargoyle (D:11)
  Psyche (D:8)
  16 spiny frogs
  A rime drake (Lair:5)
  A komodo dragon (shapeshifter) (D:13)
  5 komodo dragons
  A queen bee (Lair:4)
  7 jumping spiders
  A troll (D:10)
  3 meliai (Lair:5)
  3 blink frogs
  A slime creature (shapeshifter) (D:13)
  8 hippogriffs
  20 yaks
  2 wyverns
  3 basilisks
  Sigmund (D:6)
  A hog (Lair:4)
  3 fire elementals (D:15)
  2 steam dragons
  A golden eye (Lair:6)
  A hungry ghost (D:10)
  A soldier ant (D:9)
  3 hell hounds (D:15)
  11 water moccasins
  4 porcupines
  4 ice beasts
  7 sky beasts
  8 orc warriors
  A black bear (Lair:2)
  A necrophage (D:9)
  An eye of draining (D:12)
  4 ogres
  4 wolves (Lair:3)
  5 centaurs
  A phantom (D:9)
  6 crocodiles
  5 big kobolds
  19 bullfrogs
  A wyvern zombie (D:12)
  5 scorpions
  24 killer bees
  16 wights
  8 electric eels
  2 howler monkeys
  A bullfrog zombie (D:13)
  4 centaur zombies
  4 crimson imps
  A quasit (D:9)
  4 hounds
  9 orc priests
  11 orc wizards
  A centaur skeleton (D:9)
  2 jellies
  3 iguanas
  9 worker ants
  A hound zombie (D:8)
  A hound skeleton (D:10)
  2 worker ant zombies
  4 gnolls (D:3)
  14 adders
  5 shadow imps
  4 oozes
  3 adder zombies
  2 adder skeletons
  2 worms
  A dart slug (D:1)
  7 leopard geckos
  46 orcs
  10 bats
  2 giant cockroaches
  6 hobgoblins
  4 jackals (D:8)
  23 kobolds
  2 quokkas
  4 ball pythons
  7 frilled lizards
  12 goblins
  A jackal skeleton (D:9)
  A leopard gecko skeleton (D:6)
  A quokka zombie (D:6)
  6 rats
  A fungus (Lair:3)
  5 plants
477 creatures vanquished.

Vanquished Creatures (collateral kills)
  Pikel (D:8)
1 creature vanquished.

Vanquished Creatures (others)
  3 slaves (D:8)
  A black bear (D:8)
  A howler monkey (D:8)
  A hound (D:8)
  6 fungi
  8 plants
20 creatures vanquished.

Grand Total: 498 creatures vanquished

Notes
Turn   | Place    | Note
-------+----------+-------------------------------------------
     0 | D:1      | MirrMurr the Demonspawn Berserker began the quest for the
                  | Orb.
     0 | D:1      | Reached XP level 1. HP: 18/18 MP: 1/1
   235 | D:1      | Reached skill level 3 in Maces & Flails
   235 | D:1      | Gained mutation: When seriously injured, your bleeding
                  | wounds create armour. (AC +9) [demonic ancestry]
   235 | D:1      | Reached XP level 2. HP: 24/24 MP: 2/2
   611 | D:2      | Gained mutation: You sometimes gain a little power by
                  | taking damage. [demonic ancestry]
   611 | D:2      | Reached XP level 3. HP: 28/29 MP: 3/3
   898 | D:2      | Reached ** piety under Trog
  1471 | D:3      | Reached XP level 4. HP: 32/35 MP: 4/4
  1982 | D:3      | Found an iron altar of Okawaru.
  2030 | D:3      | Reached XP level 5. HP: 42/42 MP: 5/5
  2728 | D:3      | Reached skill level 4 in Maces & Flails
  2872 | D:4      | Noticed an orc warrior
  2969 | D:4      | HP: 2/63 [orc warrior/+0 battleaxe (18)]
  3022 | D:3      | Killed an orc warrior
  3022 | D:3      | Reached XP level 6. HP: 29/48 MP: 6/6
  3729 | D:3      | Reached skill level 5 in Maces & Flails
  3730 | D:3      | Reached *** piety under Trog
  3893 | D:4      | Gained mutation: When seriously injured, your bleeding
                  | wounds create thick armour. (AC +9) [demonic ancestry]
  3893 | D:4      | Reached XP level 7. HP: 53/55 MP: 7/7
  4304 | D:5      | Entered Level 5 of the Dungeon
  4404 | D:5      | Got a transparent chain mail
  4415 | D:5      | Identified the cursed +1 chain mail "Zolyti Citoph" {rElec
                  | Regen+ Dex+4} (You found it on level 5 of the Dungeon)
  4435 | D:5      | Found a glowing drain.
  4450 | Sewer    | Entered a sewer
  4861 | D:5      | Reached skill level 5 in Fighting
  4929 | D:5      | Reached skill level 6 in Maces & Flails
  4929 | D:5      | Reached XP level 8. HP: 57/62 MP: 8/8
  5328 | D:5      | Found a sacrificial altar of Ru.
  5894 | D:6      | Noticed Sigmund
  6017 | D:6      | Killed Sigmund
  6017 | D:6      | Reached **** piety under Trog
  6076 | D:6      | Found Negeilyh's Gadget Emporium.
  6270 | D:7      | Reached skill level 7 in Maces & Flails
  6464 | D:7      | Reached skill level 5 in Armour
  6464 | D:7      | Reached skill level 5 in Dodging
  6496 | D:7      | Reached XP level 9. HP: 65/69 MP: 9/9
  6527 | D:7      | You fall into a shaft and drop 1 floor!
  6822 | D:8      | HP: 3/69 [orc warrior/+2 long sword of slicing (4)]
  7066 | D:8      | Reached skill level 8 in Maces & Flails
  7120 | D:8      | Noticed Psyche
  7130 | D:8      | Noticed Pikel
  7147 | D:8      | HP: 2/71 [disintegration (16)]
  7168 | D:8      | Killed Pikel
  7251 | D:8      | Killed Psyche
  7580 | D:7      | Found a staircase to the Ecumenical Temple.
  7652 | D:7      | Gained mutation: You have a pair of small horns on your
                  | head. [demonic ancestry]
  7652 | D:7      | Reached XP level 10. HP: 79/79 MP: 10/10
  7743 | D:7      | Reached skill level 9 in Maces & Flails
  8650 | D:8      | Found Maidwue's Food Emporium.
  8839 | D:8      | Found a hazy altar of Hepliaklqana.
  8932 | D:9      | Found Raxi Ali's Book Shop.
  9123 | D:9      | Found Xoekhloec's Weapon Boutique.
  9131 | D:9      | Bought a +0 morningstar for 60 gold pieces
  9218 | D:9      | Found a staircase to the Orcish Mines.
  9333 | D:9      | Found Syora's Assorted Antiques.
  9515 | D:9      | Found a staircase to the Lair.
  9641 | D:10     | Entered Level 10 of the Dungeon
  9705 | D:10     | Found a runed translucent door.
  9706 | D:10     | Noticed Yzxunnie's ghost (journeyman OgBe)
  9998 | D:10     | Reached skill level 10 in Maces & Flails
 10016 | D:10     | Reached ***** piety under Trog
 10586 | D:11     | Noticed a gargoyle
 10594 | D:11     | Killed a gargoyle
 10727 | D:11     | Gained mutation: Your magical and physical power is
                  | slightly enhanced at high health. [demonic ancestry]
 10727 | D:11     | Reached XP level 11. HP: 86/86 MP: 11/11
 11201 | Lair:1   | Entered Level 1 of the Lair of Beasts
 11292 | Lair:1   | Noticed a death yak
 11299 | Lair:1   | Killed a death yak
 12613 | Lair:2   | Found a burning altar of Makhleb.
 13070 | Lair:2   | Reached skill level 11 in Maces & Flails
 13376 | Lair:3   | Got a translucent cloak
 13377 | Lair:3   | Noticed a death yak
 13377 | Lair:3   | Noticed a death yak
 13378 | Lair:3   | Noticed a death yak
 13389 | Lair:2   | Killed a death yak
 13444 | Lair:2   | Identified the +0 cloak of Qikaupekk {rF+} (You found it on
                  | level 3 of the Lair of Beasts)
 14226 | Lair:3   | Killed a death yak
 14240 | Lair:3   | Killed a death yak
 14240 | Lair:3   | Gained mutation: You sometimes gain power by taking damage.
                  | [demonic ancestry]
 14240 | Lair:3   | Reached XP level 12. HP: 82/96 MP: 12/12
 14461 | Lair:3   | Found a staircase to the Swamp.
 14599 | Lair:3   | Received a gift from Trog
 14854 | Lair:3   | Found a hole to the Spider Nest.
 14969 | Lair:3   | Reached skill level 12 in Maces & Flails
 15310 | Lair:4   | Noticed Sonja
 15347 | Lair:4   | Killed Sonja
 15500 | Lair:4   | Noticed Kirke
 15531 | Lair:4   | Killed Kirke
 15736 | Lair:4   | Noticed Nessos
 15766 | Lair:4   | Killed Nessos
 15766 | Lair:4   | Reached skill level 10 in Fighting
 16472 | Lair:5   | Noticed Snorg
 16481 | Lair:5   | Killed Snorg
 17229 | Lair:6   | Entered Level 6 of the Lair of Beasts
 17229 | Lair:6   | Noticed an eight-headed hydra
 17239 | Lair:5   | Gained mutation: Your flesh is heat resistant. (rF+)
                  | [demonic ancestry]
 17239 | Lair:5   | Reached XP level 13. HP: 98/104 MP: 13/13
 17264 | Lair:6   | Reached skill level 13 in Maces & Flails
 17407 | Lair:6   | Found a glowing silver altar of Zin.
 17453 | Lair:6   | Found a staircase to the Slime Pits.
 17453 | Lair:6   | Found a viscous altar of Jiyva.
 19006 | Lair:6   | Noticed a dire elephant
 19017 | Lair:6   | Killed a dire elephant
 19162 | Lair:6   | Noticed a dire elephant
 19174 | Lair:6   | Killed a dire elephant
 19223 | Lair:6   | Noticed a dire elephant
 19223 | Lair:6   | Noticed a dire elephant
 19236 | Lair:6   | Killed a dire elephant
 19236 | Lair:6   | Reached skill level 10 in Armour
 19236 | Lair:6   | Reached skill level 10 in Dodging
 19355 | Lair:6   | Killed a dire elephant
 19446 | Lair:6   | Got a distressingly furry leather armour
 19457 | Lair:6   | Identified the +3 leather armour of the Hare {Str+3} (You
                  | found it on level 6 of the Lair of Beasts)
 19689 | D:12     | Found a gate leading to a gauntlet.
 19723 | D:12     | Found an ornate altar of the Wu Jian Council.
 19744 | Gauntlet | Entered a Gauntlet
 19744 | Gauntlet | Found a transporter.
 19744 | Gauntlet | Found a transporter.
 19745 | Gauntlet | Found a transporter.
 19746 | Gauntlet | Found a transporter.
 19746 | Gauntlet | Found a transporter.
 19752 | Gauntlet | Found a transporter.
 19753 | Gauntlet | Found a runed translucent door.
 19753 | Gauntlet | Found a runed translucent door.
 19756 | Gauntlet | Found a transporter.
 19757 | Gauntlet | Found a transporter.
 19758 | Gauntlet | Found a transporter.
 19760 | Gauntlet | Found a transporter.
 19769 | Gauntlet | Found a transporter.
 19769 | Gauntlet | Found a transporter.
 20091 | Swamp:1  | Entered Level 1 of the Swamp
 20169 | Spider:1 | Entered Level 1 of the Spider Nest
 20275 | Slime:1  | Entered Level 1 of the Pits of Slime
 20475 | Temple   | Entered the Ecumenical Temple
 21102 | D:12     | Found a runed translucent door.
 21104 | D:12     | Noticed squishfish's ghost (journeyman TrMo)
 21479 | D:13     | Found a gate to the Vaults.
 21499 | D:13     | Reached skill level 14 in Maces & Flails
 21696 | D:13     | You fall into a shaft and drop 2 floors!
 21696 | D:15     | Entered Level 15 of the Dungeon
 21777 | D:15     | Noticed Azrael
 21784 | D:15     | HP: 4/106 [Azrael/fireball (11)]
 21786 | D:15     | Noticed Rupert
 21786 | D:15     | Killed from afar by Azrael

Levels and vault maps discovered:
D:1:      grunt_arrival_lava_bath, layout_rooms, minivault_27, chequers_garden
D:2:      layout_loops_ring, first_ration, minmay_misc_feat_iff
D:3:      lemuel_upstairs_altar, layout_basic, kennysheep_okawaru_gauntlet,
          serial_forest, infiniplex_forest_corner_2, infiniplex_forest_join,
          infiniplex_forest_clump_double, infiniplex_forest_clump_long,
          infiniplex_forest_straight_2
D:4:      layout_gridville
D:5:      layout_loops_corners, cheibrodos_sewer_entry_sluice,
          nrook_mini_vaults, nicolae_ru_awakened_eye
D:6:      layout_rooms, serial_shops, shop, uniq_sigmund
D:7:      layout_layer_cave, minmay_temple_entry_gardened_gates, st_stairs_13
D:8:      layout_basic, basic_altar, serial_shops, shop, grunt_ogre_cave,
          nicolae_wand_duel, grunt_tough_drop, uniq_psyche, uniq_pikel
D:9:      layout_rooms, david_lair_shrubbed, david_orc_3, serial_shops,
          nicolae_shop_trees, nicolae_shop_waterfront, shop
D:10:     layout_cave_pools, hellmonk_ghost_happy_afterlife
D:11:     layout_loops_cross
D:12:     layout_small_grid, basic_altar, gauntlet_entry_generic,
          ebering_ghost_reflecting_pool
D:13:     layout_roguey, david_vaults_2, serial_curves, eino_curves_02,
          eino_curves_04, serial_shops, nicolae_shop_stone,
          statue_in_the_mist_lemuel
D:15:     hangedman_depths_entry_try_elsewhere_first, layout_cave_pools,
          minivault_25, uniq_rupert, uniq_azrael
Temple:   compressed_dpeg_circular_temple
Lair:1:   layout_concentric_octagons
Lair:2:   layout_gridlike, basic_altar
Lair:3:   layout_layer_cave, minmay_swamp_entry_eels,
          nicolae_spider_entry_tight_spaces, lemuel_fruit_fields,
          infiniplex_staircase_pool_2
Lair:4:   layout_loops_ring, uniq_sonja, uniq_nessos, uniq_kirke
Lair:5:   layout_hall_layers, special_room [special_room_bee],
          beast_lair_carwin_4, uniq_snorg
Lair:6:   due_jungle_book, layout_small_grid, slime_altar_1, basic_altar,
          grunt_megastairs_2
Swamp:1:  layout_basic_swamp, infiniplex_staircase_pool, uniq_nikola
Spider:1: layout_spider_delve
Slime:1:  layout_caves, basic_altar

Skill      XL: |  1  2  3  4  5  6  7  8  9 10 11 12 13 |
---------------+----------------------------------------+-----
Maces & Flails | 3 4 5 6 7 8 10 11 12 14 | 14.0
Armour         | 2 3 4 5 6 7 8 9 10 | 10.3
Dodging        | 2 3 4 5 6 7 8 9 10 | 10.4
Fighting       | 4 5 6 7 8 9 10 11 | 11.4

Action                   |  1- 3 |  4- 6 |  7- 9 | 10-12 | 13-15 || total
-------------------------+-------+-------+-------+-------+-------++-------
Melee: Mace              |   128 |   223 |       |       |       ||   351
       Flail             |       |    67 |   503 |   102 |       ||   672
       Morningstar       |       |       |       |   517 |   394 ||   911
       Headbutt          |       |       |       |   182 |   116 ||   298
       Demon blade       |       |       |       |    62 |       ||    62
 Fire: Hunting sling     |       |    10 |   137 |   193 |    36 ||   376
Throw: Stone             |       |    23 |       |       |       ||    23
Invok: Berserk           |     2 |     5 |     7 |    13 |     7 ||    34
       Trog's Hand       |       |     4 |     6 |    10 |     1 ||    21
       Brothers in Arms  |       |       |     1 |     1 |       ||     2
Evoke: Wand              |       |       |       |     4 |       ||     4
  Use: Scroll            |     3 |     6 |     2 |    17 |     4 ||    32
       Potion            |       |     2 |     3 |     4 |     2 ||    11
  Eat: Chunk             |     2 |    13 |    19 |    33 |    11 ||    78
       Ration            |       |     1 |     1 |     5 |     3 ||    10
Armor: Animal skin       |     7 |       |       |       |       ||     7
       Ring mail         |    45 |    25 |       |       |       ||    70
       Chain mail        |       |    74 |   356 |   443 |    62 ||   935
       Plate armour      |       |       |       |       |   104 ||   104
Dodge: Dodged            |    95 |   115 |   366 |   802 |   236 ||  1614
       Deflected         |       |     5 |    20 |     9 |       ||    34
       Rpst.: Demon blade |       |       |       |    11 |       ||    11
